 Dungeon Crawl Stone Soup version 0.19.5 (webtiles) character file.

441 mike2R the Caller (level 7, 0/46 HPs)
             Began as a Merfolk Summoner on Apr 28, 2017.
             Was an Initiate of Gozag.
             Slain by Duvessa
             ... wielding a +0 rapier
              (8 damage)
             ... on level 5 of the Dungeon.
             The game lasted 00:40:56 (4013 turns).

mike2R the Caller (Merfolk Summoner)                Turns: 4013, Time: 00:40:57

Health: 0/46       AC:  6    Str:  9    XL:     7   Next: 2%
Magic:  1/14       EV: 12    Int: 16    God:    Gozag
Gold:   394        SH:  0    Dex: 14    Spells: 4 memorised, 6 levels left

rFire  . . .     SeeInvis .     b - +0 trident
rCold  . . .     Gourm    .     p - +0 leather armour
rNeg   . . .     Faith    .     (no shield)
rPois  .         Spirit   .     (no helmet)
rElec  .         Reflect  .     B - +0 cloak
rCorr  .         Harm     .     j - +0 pair of gloves
MR     .....                    o - +0 pair of boots
Stlth  ++........               h - amulet of regeneration
                                (no ring)
                                (no ring)

@: no status effects
A: change form in water, swift swim, stealthy swim
a: Potion Petition, Call Merchant, Bribe Branch, Renounce Religion


You were on level 5 of the Dungeon.
You worshipped Gozag.
Gozag was aware of your devotion.
You were hungry.

You visited 1 branch of the dungeon, and saw 5 of its levels.

You collected 394 gold pieces.

Inventory:

Hand Weapons
 a - a +0 spear
 b - a +0 trident (weapon)
Missiles
 e - 33 arrows
 f - 84 stones (quivered)
 n - 16 poisoned needles
 q - 46 bolts
Armour
 j - a +0 pair of gloves (worn)
 o - a +0 pair of boots (worn)
 p - a +0 leather armour (worn)
 s - a +0 ring mail
 B - a +0 cloak (worn)
Jewellery
 h - an amulet of regeneration (around neck)
Wands
 g - a wand of digging (6/24)
Scrolls
 w - a scroll of enchant weapon {unknown}
Potions
 d - a potion of haste {unknown}
 i - a potion of heal wounds {unknown}
 l - 5 potions of curing
 m - 3 potions of flight
 r - a potion of lignification {unknown}
 u - a potion of resistance {unknown}
 x - 2 potions of agility {unknown}
Books
 k - a book of Callings

   Spells                             Type                      Level
   a - Summon Small Mammal            Summoning                    1
   b - Call Imp                       Summoning                    2
   c - Call Canine Familiar           Summoning                    3
   d - Summon Guardian Golem          Hexes/Summoning              3
   e - Summon Lightning Spire         Summoning/Air                4
   f - Summon Ice Beast               Ice/Summoning                4
 y - a book of Necromancy

   Spells                             Type                      Level
   a - Pain                           Necromancy                   1
   b - Animate Skeleton               Necromancy                   1
   c - Vampiric Draining              Necromancy                   3
   d - Regeneration                   Charms/Necromancy            3
   e - Animate Dead                   Necromancy                   4
   f - Control Undead                 Necromancy                   4
Comestibles
 c - 3 bread rations
 t - 4 meat rations
 v - a slice of pizza


   Skills:
 - Level 2.0 Polearms
 - Level 2.6 Dodging
 - Level 2.1 Stealth
 + Level 4.8 Spellcasting
 + Level 6.2 Summonings


You had 6 spell levels left.
You knew the following spells:

 Your Spells              Type           Power        Failure   Level  Hunger
a - Summon Small Mammal   Summ           ###.         1%          1    None
b - Call Imp              Summ           ###.....     2%          2    ##.....
c - Call Canine Familiar  Summ           ###.....     8%          3    ###....
d - Summon Guardian Gole  Hex/Summ       ##......     21%         3    ###....


Dungeon Overview and Level Annotations

Branches:
Dungeon (5/15)
 Temple: D:4-7

Altars:
Gozag
Hepliaklqana
Makhleb
Nemelex Xobeh
Trog
Uskayaw
Zin

Annotations:
D:5 Dowan, Duvessa, Eustachio


Message History

Duvessa misses your quokka.
Your quokka bites Duvessa but does no damage.
Your shadow imp gestures at Duvessa.
Duvessa resists with significant effort.
Duvessa hits you with a rapier. Duvessa hits you with a rapier.
Duvessa no longer looks unusually strong.
Duvessa gestures with her weapon.
You hear the quick rusting of a very distant drain.
Duvessa hits you with a rapier.
Your shadow imp says, "You're so much nicer than my last boss."
Your crimson imp blinks!
Duvessa hits you with a rapier!
* * * LOW HITPOINT WARNING * * *
Casting: Summon Small Mammal
Confirm with . or Enter, or press ? or * to list all spells.
Duvessa is no longer moving quickly.
Your quokka bites Duvessa.
Duvessa hits you with a rapier!
You die...
Your body crumbles into a pile of gold.

.# # ##.#
#.#.### #.# .#
#. #....# #.# .#
#..#.# .#
###..#.# .#
#.5..#.. .#
#.####.#######
## #....rr...#
#####e###.# #@#
# #.# #<#
#######.#
........# $
###..#..#
#)..###.#
#.#..#..#
.#.#.##...#####.


You could see Duvessa, a friendly shadow imp and 2 friendly quokkas.

Vanquished Creatures
  A bullfrog (D:4)
  A gnoll (D:4)
  An adder (D:4)
  An ooze (D:1)
  2 worms
  2 leopard geckos
  3 orcs
  5 bats
  A giant cockroach (D:4)
  2 hobgoblins
  A jackal (D:2)
  2 frilled lizards (D:4)
  7 rats
29 creatures vanquished.

Vanquished Creatures (collateral kills)
  Grinder (D:3)
  An ogre (D:4)
  A howler monkey (D:5)
  2 hounds
  Crazy Yiuf (D:4)
  An iguana (D:4)
  Jessica (D:3)
  2 worker ants
  2 gnolls (D:4)
  2 adders
  A shadow imp (D:5)
  A worm (D:2)
  2 dart slugs (D:4)
  2 leopard geckos (D:2)
  An orc (D:3)
  3 giant cockroaches
  2 goblins
  6 hobgoblins
  7 jackals
  5 kobolds
  A quokka (D:2)
  A ball python (D:2)
  A ball python skeleton (D:4)
  A bat (D:2)
  A frilled lizard (D:5)
  A leopard gecko skeleton (D:4)
  A quokka skeleton (D:4)
51 creatures vanquished.

Grand Total: 80 creatures vanquished

Notes
Turn   | Place    | Note
-------+----------+-------------------------------------------
     0 | D:1      | mike2R the Merfolk Summoner began the quest for the Orb.
     0 | D:1      | Reached XP level 1. HP: 13/13 MP: 3/3
   236 | D:1      | Reached XP level 2. HP: 19/19 MP: 0/5
   245 | D:1      | Learned a level 2 spell: Call Imp
   738 | D:1      | Reached skill level 1 in Polearms
  1151 | D:2      | Reached XP level 3. HP: 24/24 MP: 1/6
  1176 | D:2      | Learned a level 3 spell: Call Canine Familiar
  2153 | D:3      | Noticed Grinder
  2155 | D:3      | Paralysed by Grinder for 5 turns
  2176 | D:3      | Killed Grinder
  2176 | D:3      | Reached skill level 5 in Summonings
  2176 | D:3      | Reached XP level 4. HP: 18/30 MP: 1/9
  2176 | D:3      | Reached XP level 5. HP: 21/35 MP: 1/10
  2181 | D:3      | Learned a level 3 spell: Summon Guardian Golem
  2444 | D:3      | Noticed Jessica
  2454 | D:3      | Killed Jessica
  2907 | D:4      | Found a faded altar of an unknown god.
  2907 | D:4      | Found a faded altar of an unknown god.
  2907 | D:4      | Noticed an ogre
  2922 | D:4      | Killed an ogre
  2922 | D:4      | Reached XP level 6. HP: 41/41 MP: 2/12
  2930 | D:4      | Found a burning altar of Makhleb.
  2932 | D:4      | Found a faded altar of an unknown god.
  2933 | D:4      | Found a faded altar of an unknown god.
  2940 | D:4      | Became a worshipper of Gozag Ym Sagoz the Greedy
  3019 | D:4      | Found a glowing silver altar of Zin.
  3098 | D:4      | Found a runed door.
  3105 | D:4      | Noticed Crazy Yiuf
  3119 | D:4      | Killed Crazy Yiuf
  3268 | D:4      | Found a bloodstained altar of Trog.
  3271 | D:4      | Found a hide-covered altar of Uskayaw.
  3272 | D:4      | Found a sparkling altar of Nemelex Xobeh.
  3404 | D:4      | Found a hazy altar of Hepliaklqana.
  3475 | D:4      | Reached skill level 6 in Summonings
  3562 | D:5      | Entered Level 5 of the Dungeon
  3768 | D:5      | Noticed Eustachio
  3973 | D:5      | Noticed Duvessa
  3974 | D:5      | Noticed Dowan
  3993 | D:5      | Reached XP level 7. HP: 46/46 MP: 4/14
  4013 | D:5      | Slain by Duvessa

Skill      XL: |  1  2  3  4  5  6 |
---------------+-------------------+-----
Polearms       | 1 2 |  2.0
Spellcasting   | 3 4 |  4.8
Summonings     | 5 6 |  6.2
Dodging        | |  2.6
Stealth        | |  2.1

Action                   |  1- 3 |  4- 6 |  7- 9 || total
-------------------------+-------+-------+-------++-------
Melee: Club              |     4 |       |       ||     4
       Spear             |    82 |     9 |       ||    91
       Trident           |       |    72 |       ||    72
Throw: Stone             |     3 |     5 |       ||     8
 Cast: Summon Small Mamm |    31 |    26 |     2 ||    59
       Call Imp          |    24 |    32 |     2 ||    58
       Call Canine Famil |     4 |     9 |       ||    13
Invok: Potion Petition   |       |     1 |       ||     1
Evoke: Wand              |       |     1 |       ||     1
  Use: Scroll            |       |     9 |       ||     9
 Stab: Sleeping          |     2 |     2 |       ||     4
       Distracted        |     2 |     1 |       ||     3
  Eat: Chunk             |     7 |     4 |       ||    11
       Pizza             |       |     1 |       ||     1
       Beef jerky        |       |     1 |       ||     1
Armor: Leather armour    |    24 |    21 |       ||    45
       Robe              |     1 |       |       ||     1
Dodge: Dodged            |    64 |    40 |       ||   104
